 Dungeon Crawl Stone Soup version 0.27-a0-1196-g3e9cee4cb2 (webtiles) character file.

Game seed: 4341633565773436459

74 bande the Covered (level 4, 0/29 HPs)
             Began as a Gargoyle Fighter on May 29, 2021.
             Killed from afar by an orc wizard (1 damage)
             ... with a puff of flame
             ... on level 3 of the Dungeon.
             The game lasted 00:02:30 (2130 turns).

bande the Covered (Gargoyle Fighter)                Turns: 2130, Time: 00:02:32

Health: 0/29       AC: 14    Str: 20    XL:     4   Next: 28%
Magic:  4/4        EV:  7    Int:  8    God:
Gold:   120        SH:  9    Dex: 10    Spells: 3/3 levels left

rFire    . . .     SeeInvis .   a - +0 war axe
rCold    . . .     Faith    .   c - +0 kite shield
rNeg     + . .     Spirit   .   b - +0 scale mail
rPois    ∞         Reflect  .   (no helmet)
rElec    +         Harm     .   h - +0 cloak
rCorr    .         Rampage  .   (no gloves)
Will     .....                  e - +1 pair of boots
Stlth    ..........             (no amulet)
HPRegen  0.09/turn              (no ring)
MPRegen  0.09/turn              (no ring)

@: mighty
A: sickness immunity, AC +3, negative energy resistance 1, electricity
resistance, torment resistance 1, petrification resistance
a: no special abilities


You were on level 3 of the Dungeon.
You visited 1 branch of the dungeon, and saw 3 of its levels.

You collected 120 gold pieces.

Inventory:

Hand Weapons
 a - a +0 war axe (weapon)
Armour
 b - a +0 scale mail (worn)
 c - a +0 kite shield (worn)
 e - a +1 pair of boots (worn)
 h - a +0 cloak (worn)
Jewellery
 j - a ring of magical power
Scrolls
 f - a scroll of torment {unknown}
 i - a scroll of vulnerability {unknown}
 k - a scroll of amnesia {unknown}


   Skills:
 + Level 3.8 Fighting
 + Level 2.3 Axes
 + Level 4.2 Armour
 + Level 0.1 Dodging
 + Level 3.7 Shields


You had 3 spell levels left.
You didn't know any spells.
Your spell library was empty.

Dungeon Overview and Level Annotations

Branches:
Dungeon (3/15)

Altars:


Innate Abilities, Weirdness & Mutations

You are immune to sickness and miasma.
Your stone body is resilient. (AC +3)
You are immune to poison.
You resist negative energy. (rN+)
You are resistant to electric shocks. (rElec)
You are resistant to unholy torment.
You are immune to petrification.


Message History

You slash something!
Reactivating autopickup.
You feel a bit more experienced.
You barely miss something. Something hits you but does no damage.
Deactivating autopickup; reactivate with Ctrl-A.
You have reached level 4!
You feel stronger.
Things that are here:
a +0 dagger; a +0 robe Unknown command.
You miss something.
Something hits you but does no damage. x2
You barely miss something.
Something hits you but does no damage. x2
You miss something. Something hits you but does no damage.
You hit something.
You hear some strange, mumbled words.
You are confused.
Something hits you but does no damage.
You closely miss something. Something hits you but does no damage.
You miss something.
Something hits you but does no damage. x2
Something hits you but does no damage.
Things that are here:
a +2 vorpal mace; an orc corpse You hear some strange, mumbled words.
A magic dart appears from out of thin air!
The magic dart hits you.
* * * LOW HITPOINT WARNING * * *
An orc wizard appears from thin air!
Reactivating autopickup.
You feel less confused. The orc wizard casts a spell at you.
The magic dart hits you.
* * * LOW HITPOINT WARNING * * *
The orc wizard hits you but does no damage.
You hit the orc wizard.
The orc wizard is almost dead.
The orc wizard points at you and mumbles some strange words.
The puff of flame hits you but does no damage.
The orc wizard points at you and mumbles some strange words.
The puff of flame hits you.
You die...

#.........................
#......##.................
.......##..............###
..#....##.................
##...........######.....
#.....########...#.....
#.....###........##....
#.).....#........##....
##.)..o@.#........##†...
#................###....
#.......................
#...###............[....
#)).###.................
#...#..................#
#...#.......####.......#
#...#.......####.......#
....#..................#


You could see an orc wizard.

Vanquished Creatures
  An orc wizard (D:3)
  2 adders
  3 orcs (D:3)
  A ball python (D:1)
  2 endoplasms (D:3)
  3 giant cockroaches
  3 hobgoblins
  A bat (D:1)
  A frilled lizard (D:2)
  5 goblins
  2 kobolds
  4 rats
28 creatures vanquished.

Notes
Turn   | Place    | Note
-------+----------+-------------------------------------------
     0 | D:1      | bande the Gargoyle Fighter began the quest for the Orb.
     0 | D:1      | Reached XP level 1. HP: 14/14 MP: 1/1
   441 | D:1      | Reached XP level 2. HP: 19/19 MP: 2/2
   999 | D:2      | Found a faded altar of an unknown god.
  1855 | D:3      | Reached XP level 3. HP: 21/24 MP: 3/3
  2075 | D:3      | Reached skill level 4 in Armour
  2115 | D:3      | Reached XP level 4. HP: 4/29 MP: 4/4
  2128 | D:3      | HP: 1/29 [orc wizard/magic dart (2)]
  2130 | D:3      | Killed from afar by an orc wizard

Illustrated notes

Levels and vault maps discovered:
D:1:      dpeg_arrival_line_fractal, layout_basic
D:2:      layout_basic, shapermc_ecumenical_altar_hornbeckon
D:3:      layout_basic

Skill      XL: |  1  2  3 |
---------------+----------+-----
Axes           | 2 |  2.3
Armour         | 4 |  4.2
Fighting       | |  3.8
Dodging        | |  0.1
Shields        | |  3.7

Action                   |  1- 3 |  4- 6 || total
-------------------------+-------+-------++-------
Melee: War axe           |    73 |     7 ||    80
  Use: Scroll            |     1 |       ||     1
       Potion            |     2 |       ||     2
Armor: Scale mail        |    50 |    12 ||    62
Dodge: Dodged            |    27 |       ||    27
Block: Kite shield       |    35 |       ||    35

Table legend: (Time is in decaauts)
 A = Elapsed time spent in this place.
 B = Non-inter-level travel time spent in this place.
 C = Inter-level travel time spent in this place.
 D = Time resting spent in this place.
 E = Time spent auto-exploring this place.
 F = Levels seen in this place.
 G = Mean time per level.
                   A        B        C        D        E       F      G
               +--------+--------+--------+--------+--------+-----+--------+
         Total |   2185 |   2185 |      0 |      0 |   1836 |   3 |  728.3 |
       Dungeon |   2185 |   2185 |      0 |      0 |   1836 |   3 |  728.3 |
               +--------+--------+--------+--------+--------+-----+--------+

Top non-repeatable levels by time:
     D:2: 920 daAuts
     D:1: 920 daAuts
     D:3: 344 daAuts
